 Dungeon Crawl Stone Soup version 0.29-a0-41-g89e12c0570 (webtiles) character file.

Game seed: 16939027727586365398

144 Grim the Grave Robber (level 5, -4/28 HPs)
             Began as a Deep Elf Necromancer on Feb 2, 2022.
             Slain by an ogre (16 damage)
             ... on level 4 of the Dungeon.
             The game lasted 00:06:49 (4916 turns).

Grim the Grave Robber (Deep Elf Necromancer)        Turns: 4916, Time: 00:06:51

Health: -4/28      AC:  3    Str:  5    XL:     5   Next: 5%
Magic:  2/11       EV: 16    Int: 22    God:
Gold:   258        SH:  0    Dex: 15    Spells: 5/10 levels left

rFire   . . .      SeeInvis .   t - staff of conjuration
rCold   . . .      Faith    .   (no shield)
rNeg    . . .      Spirit   .   a - +0 robe
rPois   .          Reflect  .   (no helmet)
rElec   .          Harm     .   (no cloak)
rCorr   .          Rampage  .   d - +0 pair of gloves
Will    .....                   (no boots)
Stlth   ++........              (no amulet)
HPRegen 0.09/turn               b - +4 ring of evasion
MPRegen 0.12/turn               (no ring)

@: no status effects
A: no striking features
a: no special abilities


You were on level 4 of the Dungeon.
You visited 1 branch of the dungeon, and saw 4 of its levels.

You collected 258 gold pieces.

Inventory:

Hand Weapons
 o - a +2 dagger of freezing
Armour
 a - a +0 robe (worn)
 d - a +0 pair of gloves (worn)
Magical Staves
 t - a staff of conjuration (weapon)
Jewellery
 b - a +4 ring of evasion (left hand)
Scrolls
 e - 3 scrolls of teleportation {unknown}
 h - 2 scrolls of torment {unknown}
 l - 4 scrolls of enchant weapon {unknown}
 m - 2 scrolls of amnesia {unknown}
 n - a scroll of blinking {unknown}
 p - a scroll of magic mapping {unknown}
 s - a scroll of noise {unknown}
 w - a scroll of fear {unknown}
Potions
 c - 2 potions of degeneration {!q}
 f - a potion of cancellation
 g - a potion of flight
 i - a potion of heal wounds {unknown}
 k - a potion of ambrosia {unknown}
 q - 2 potions of haste
 r - a potion of magic {unknown}
 u - a potion of might {unknown}
 v - a potion of lignification {unknown}


   Skills:
 + Level 0.6 Staves
 - Level 2.4 Dodging
 - Level 2.4 Stealth
 - Level 3.0 Spellcasting
 * Level 7.6 Necromancy


You had 5 spell levels left.
You knew the following spells:

 Your Spells              Type           Power      Damage    Failure   Level
a - Pain                  Necr           100%       1d9       1%          1
b - Animate Skeleton      Necr           72%        N/A       1%          1
c - Vampiric Draining     Necr           36%        2d8       1%          3

Your spell library contained the following spells:

 Spells                   Type           Power      Damage    Failure   Level
 Animate Dead             Necr           18%        N/A       5%          4
 Agony                    Necr           36%        N/A       16%         5
 Blink                    Tloc           6%         N/A       19%         2
 Lesser Beckoning         Tloc           3%         N/A       36%         3
 Manifold Assault         Tloc           3%         N/A       98%         5


Dungeon Overview and Level Annotations

Branches:
Dungeon (4/15)
 Temple: D:4-7

Altars:
Fedhas


Message History

Confirm with . or Enter, or press ? or * to list all spells.
Aiming: Pain (safe; 1% risk of failure)
Press: ? - help, Shift-Dir - straight line, f/p - ogre
Aim: an ogre, wielding a +0 giant club (lightly wounded, chance to affect: 83%)
The ogre writhes in agony.
Casting: Pain (safe; 1% risk of failure)
Confirm with . or Enter, or press ? or * to list all spells.
Aiming: Pain (safe; 1% risk of failure)
Press: ? - help, Shift-Dir - straight line, f/p - ogre
Aim: an ogre, wielding a +0 giant club (moderately wounded, chance to affect: 83%)
The ogre writhes in agony.
Casting: Pain (safe; 1% risk of failure)
Confirm with . or Enter, or press ? or * to list all spells.
Aiming: Pain (safe; 1% risk of failure)
Press: ? - help, Shift-Dir - straight line, f/p - ogre
Aim: an ogre, wielding a +0 giant club (moderately wounded, chance to affect: 83%)
The ogre writhes in agony.
Casting: Pain (safe; 1% risk of failure)
Confirm with . or Enter, or press ? or * to list all spells.
Aiming: Pain (safe; 1% risk of failure)
Press: ? - help, Shift-Dir - straight line, f/p - ogre
Aim: an ogre, wielding a +0 giant club (moderately wounded, chance to affect: 83%)
The ogre barely resists.
The ogre barely misses you.
Casting: Pain (safe; 1% risk of failure)
Confirm with . or Enter, or press ? or * to list all spells.
Aiming: Pain (safe; 1% risk of failure)
Press: ? - help, Shift-Dir - straight line, f/p - ogre
Aim: an ogre, wielding a +0 giant club (moderately wounded, chance to affect: 83%)
The ogre barely resists.
The ogre hits you with a +0 giant club!
Ouch! That really hurt!
* * * LOW HITPOINT WARNING * * *
Casting: Pain (safe; 1% risk of failure)
Confirm with . or Enter, or press ? or * to list all spells.
Aiming: Vampiric Draining (safe; 1% risk of failure)
Press: ? - help, Shift-Dir - straight line, f/p - ogre
Aim: an ogre, wielding a +0 giant club (moderately wounded)
You draw life force from the ogre.
You feel life coursing into your body. The ogre hits you with a +0 giant club!
Ouch! That really hurt!
You die...

#...............#
+...............#
#...............#
+...............#
#...............#
#..........†....#
#........###.####
##........##.#
#.....@..##.#
#.....O...#.#
#.........#.#
#.........#.#
+.......>.#.###########
#..^......#............
#.........#############
#..........


You could see an ogre.

Vanquished Creatures
  3 adders
  An adder skeleton (D:4)
  3 worms
  4 dart slugs
  4 orcs (D:3)
  7 ball pythons
  6 bats
  9 endoplasms
  5 giant cockroaches
  11 goblins
  5 hobgoblins
  3 jackals (D:2)
  8 kobolds
  3 quokkas
  3 frilled lizards
  7 rats
82 creatures vanquished.

Vanquished Creatures (collateral kills)
  A hobgoblin (D:3)
  A quokka (D:2)
2 creatures vanquished.

Vanquished Creatures (others)
  5 fungi (D:2)
  2 plants (D:2)
7 creatures vanquished.

Grand Total: 91 creatures vanquished

Notes
Turn   | Place    | Note
-------+----------+-------------------------------------------
     0 | D:1      | Grim the Deep Elf Necromancer began the quest for the Orb.
     0 | D:1      | Reached XP level 1. HP: 10/10 MP: 6/6
    33 | D:1      | Reached skill level 5 in Necromancy
   563 | D:1      | Reached XP level 2. HP: 7/15 MP: 6/8
  1461 | D:1      | Reached skill level 6 in Necromancy
  1701 | D:2      | Reached XP level 3. HP: 18/19 MP: 7/9
  1710 | D:2      | Learned a level 1 spell: Animate Skeleton
  1714 | D:2      | Learned a level 3 spell: Vampiric Draining
  2566 | D:2      | Reached XP level 4. HP: 23/24 MP: 8/10
  2714 | D:2      | Found a faded altar of an unknown god.
  3183 | D:3      | Reached skill level 7 in Necromancy
  4446 | D:4      | Found a blossoming altar of Fedhas.
  4819 | D:4      | Reached XP level 5. HP: 28/28 MP: 6/11
  4868 | D:4      | Noticed an ogre
  4916 | D:4      | Slain by an ogre

Illustrated notes

Levels and vault maps discovered:
D:1:      lightli_arrival_lavapool, layout_loops_ring, minmay_misc_feat_cross,
          kennysheep_decorative_pillar
D:2:      layout_basic, shapermc_ecumenical_altar_hornbeckon,
          minmay_strange_pillars, nrook_loot_triangle
D:3:      minmay_bubble_buster, layout_rooms, minmay_misc_feat_roman
D:4:      layout_basic, mainiacjoe_overflow_alcove_2, minmay_unequal

Skill      XL: |  1  2  3  4 |
---------------+-------------+-----
Necromancy     | 5 6 7 |  7.6
Staves         | |  0.6
Dodging        | |  2.4
Stealth        | |  2.4
Spellcasting   | |  3.0

Action                   |  1- 3 |  4- 6 || total
-------------------------+-------+-------++-------
Melee: Whip              |     5 |       ||     5
       Staff             |       |    14 ||    14
       Dagger            |       |     4 ||     4
 Cast: Pain              |    65 |    76 ||   141
       Vampiric Draining |     2 |     5 ||     7
       Animate Skeleton  |     2 |     1 ||     3
  Use: Scroll            |       |     4 ||     4
 Stab: Sleeping          |       |     2 ||     2
Armor: Robe              |     3 |     4 ||     7
Dodge: Dodged            |    17 |    29 ||    46

Table legend: (Time is in decaauts)
 A = Elapsed time spent in this place.
 B = Non-inter-level travel time spent in this place.
 C = Inter-level travel time spent in this place.
 D = Time resting spent in this place.
 E = Time spent auto-exploring this place.
 F = Levels seen in this place.
 G = Mean time per level.
                   A        B        C        D        E       F      G
               +--------+--------+--------+--------+--------+-----+--------+
         Total |   4917 |   4827 |     90 |   1486 |   2869 |   4 | 1229.2 |
       Dungeon |   4917 |   4827 |     90 |   1486 |   2869 |   4 | 1229.2 |
               +--------+--------+--------+--------+--------+-----+--------+

Top non-repeatable levels by time:
     D:1: 1620 daAuts
     D:2: 1471 daAuts
     D:3: 1064 daAuts
     D:4: 760 daAuts
